 Dungeon Crawl Stone Soup version 0.23-a0-458-g93a6ea9 (webtiles) character file.

1119263 pariah the Wrestler (level 27, -5/203 HPs)
             Began as a Troll Fighter on Nov 23, 2018.
             Was the Champion of Cheibriados.
             Killed from afar by a starcursed mass (illusionary) (8 damage)
             ... with an accursed screaming
             ... on level 5 of the Abyss on Nov 25, 2018.
             The game lasted 11:11:50 (113650 turns).

pariah the Wrestler (Troll Fighter)               Turns: 113650, Time: 11:11:51

Health: -5/203     AC: 31    Str: 61      XL:     27
Magic:  0/40       EV: 15    Int: 18      God:    Cheibriados [******]
Gold:   8643       SH: 38    Dex: 15 (17) Spells: 10/64 levels left

rFire    + + +     SeeInvis .     - Unarmed
rCold    + + +     Gourm    +   z - +10 large shield "Hixt" {-Tele rElec MR+++ Str+3 Dex-3}
rNeg     + . .     Faith    .   P - +7 gold dragon scales
rPois    +         Spirit   .   J - +2 hat {MR+}
rElec    +         Reflect  .   A - -3 cloak of the Three of Cups {Regen+ Str+4 Int+2}
rCorr    .         Harm     .   (gloves unavailable)
MR       +++++     Rnd*Rage +   (boots unavailable) Stlth ..........NoTele +
                                i - amulet "Raitae Peov" {Acrobat +Inv rF+ Str+3 Slay-3}
HPRegen  0.00/turn              T - ring of Biet {Wiz rF+ rC+ rN+}
MPRegen  0.27/turn              m - ring "Ustreushe" {rC+ MP+9 Slay+2}

@: berserk cooldown, very slightly contaminated, non-regenerating, diseased,
slowed, very slow
A: large, unfitting armour, claws 3, fangs 1, icy blue scales 1, berserk 2[+1],
blurry vision 3, clumsy 1[+1], deformed body, deterioration 2, dopey 2, fast
metabolism 3, frail 3, gourmand, low mp 1[+2], regeneration 1, screaming 1[+2],
shaggy fur 1, [teleportitis 2], tough skin 2, weak 2, [no potion heal 2],
subdued magic 3, MP-powered wands
}: 6/15 runes: decaying, slimy, silver, obsidian, abyssal, gossamer
a: Bend Time, Temporal Distortion, Slouch, Step From Time, Renounce Religion,
Evoke Invisibility


You were on level 5 of the Abyss.
You worshipped Cheibriados.
Cheibriados was exalted by your worship.
You were full.

You visited 16 branches of the dungeon, and saw 79 of its levels.
You visited the Abyss 1 time.
You also visited: Labyrinth, Ice Cave and Wizlab.

You collected 10986 gold pieces.
You spent 2343 gold pieces at shops.

Inventory:

Hand Weapons
 o - the +9 hand axe of Propriety {flame, +Blink rF- Str+4}
   (You took it off a fire giant on level 13 of the Dungeon)

   It has been specially enchanted to burn those struck by it, causing extra
   injury to most foes and up to half again as much damage against particularly
   susceptible opponents.
   Big, fiery blades are also staple armaments of hydra-hunters.
   It affects your strength (+4).
   It makes you vulnerable to fire.
   It lets you blink.
Missiles
 N - 113 large rocks (quivered)
 O - 3 throwing nets
 W - 4 tomahawks of dispersal
Armour
 z - the +10 large shield "Hixt" (worn) {-Tele rElec MR+++ Str+3 Dex-3}
   (You found it on level 5 of the Lair of Beasts)

   It affects your strength (+3).
   It affects your dexterity (-3).
   It insulates you from electricity.
   It affects your resistance to hostile enchantments.
   It prevents most forms of teleportation.
 A - the -3 cloak of the Three of Cups (worn) {Regen+ Str+4 Int+2}
   (You found it on level 7 of Gehenna)

   It affects your strength (+4).
   It affects your intelligence (+2).
   It increases your rate of regeneration.
 J - a +2 hat of magic resistance (worn)
 P - +7 gold dragon scales (worn)
Magical Staves
 b - an uncursed staff of energy
 M - an uncursed staff of wizardry
Jewellery
 i - the amulet "Raitae Peov" (around neck) {Acrobat +Inv rF+ Str+3 Slay-3}
   (You took it off a deep elf sorcerer on level 3 of the Elven Halls)

   [amulet of the acrobat]

   It helps you evade while moving and waiting.
   It affects your strength (+3).
   It affects your accuracy and damage with ranged weapons and melee attacks
   (-3).
   It protects you from fire.
   It lets you turn invisible.
 m - the ring "Ustreushe" (right claw) {rC+ MP+9 Slay+2}
   (You found it on level 6 of the Lair of Beasts)

   [ring of magical power]

   It affects your accuracy and damage with ranged weapons and melee attacks
   (+2).
   It protects you from cold.
   It affects your magic capacity (+9).
 x - an uncursed ring of resist corrosion
 E - the ring "Tasa" {rPois rF+ AC+4 Str+3 Dex-5}
   (You found it on level 3 of the Depths)

   [ring of protection]

   It affects your AC (+4).
   It affects your strength (+3).
   It affects your dexterity (-5).
   It protects you from fire.
   It protects you from poison.
 T - the ring of Biet (left claw) {Wiz rF+ rC+ rN+}
   (You found it on level 1 of the Abyss)

   [ring of wizardry]

   It improves your spell success rate.
   It protects you from fire.
   It protects you from cold.
   It protects you from negative energy.
 U - an uncursed ring of see invisible
 Y - the ring "Jeleuc" {rN++ Stlth-}
   (You bought it in a shop on level 10 of the Dungeon)

   [ring of attention]

   It greatly protects you from negative energy.
   It makes you less stealthy.
Wands
 a - a wand of iceblast (58)
 h - a wand of paralysis (10)
 r - a wand of digging (29)
 C - a wand of clouds (3)
 D - a wand of acid (29)
 Q - a wand of scattershot (10)
 R - a wand of disintegration (16)
Scrolls
 e - 5 scrolls of magic mapping
 g - 32 scrolls of teleportation
 k - 4 scrolls of summoning
 l - 9 scrolls of fear
 n - 26 scrolls of remove curse
 t - 10 scrolls of fog
 u - 7 scrolls of blinking
 w - 4 scrolls of immolation
 I - 17 scrolls of identify
 S - 4 scrolls of silence
Potions
 c - 4 potions of might
 f - 6 potions of ambrosia
 j - 13 potions of heal wounds
 p - 7 potions of lignification
 q - a potion of agility
 s - 18 potions of curing
 v - 9 potions of flight
 B - 3 potions of invisibility
 F - 5 potions of resistance
 G - 3 potions of cancellation
 H - a potion of mutation
 K - 8 potions of brilliance
 Z - 3 potions of magic
Miscellaneous
 y - a phial of floods
 V - a lamp of fire
Comestibles
 d - 67 rations


   Skills:
 * Level 20.2 Fighting
   Level 0.7 Long Blades
 - Level 0.2 Axes
 - Level 15.5 Throwing
 - Level 23.0 Armour
 * Level 13.0 Dodging
 - Level 0.1 Stealth
 - Level 15.0 Shields
 - Level 24.0 Unarmed Combat
 - Level 19.0 Spellcasting
 - Level 5.0 Charms
 - Level 10.5 Summonings
 - Level 23.0 Necromancy
 - Level 4.0 Translocations
 - Level 17.2 Transmutations
 - Level 5.0 Air Magic
 - Level 11.0 Earth Magic
 - Level 3.3 Poison Magic
 - Level 12.0 Invocations
 - Level 5.0 Evocations


You had 10 spell levels left.
You knew the following spells:

 Your Spells              Type           Power        Failure   Level  Hunger
a - Blink                 Tloc           N/A          1%          2    None
b - Passwall              Tmut/Erth      #####...     0%          2    None
c - Poisonous Vapours     Pois/Air       ###...       1%          2    None
d - Summon Lightning Spi  Summ/Air       ###.....     1%          4    None
e - Summon Butterflies    Summ           ####....     0%          1    None
f - Apportation           Tloc           ###...       1%          1    None
g - Irradiate             Conj/Tmut      ####......   1%          5    ##.....
h - Borgnjor's Vile Clut  Necr/Erth      #####.....   0%          5    ##.....
i - Regeneration          Chrm/Necr      #####.....   0%          3    None
j - Aura of Abjuration    Summ           ####......   1%          5    ##.....
k - Statue Form           Tmut/Erth      #####....    1%          6    #####..
l - Song of Slaying       Chrm           ###.....     1%          2    None
m - Necromutation         Tmut/Necr      #####.....   3%          8    #######
n - Animate Dead          Necr           N/A          0%          4    None
o - Passage of Golubria   Tloc           N/A          4%          4    None

Your spell library contained the following spells:

 Spells                   Type           Power        Failure   Level  Hunger
 Animate Skeleton         Necr           N/A          0%          1    None
 Beastly Appendage        Tmut           #####.       0%          1    None
 Pain                     Necr           ####         0%          1    None
 Sandblast                Erth           ####..       0%          1    None
 Summon Small Mammal      Summ           ####         0%          1    None
 Call Imp                 Summ           ####....     0%          2    None
 Corpse Rot               Necr           N/A          0%          2    None
 Sublimation of Blood     Necr           ######....   0%          2    None
 Vampiric Draining        Necr           ######....   0%          3    None
 Agony                    Necr           ######..     0%          5    ##.....
 Blade Hands              Tmut           #####.....   0%          5    ##.....
 Dispel Undead            Necr           ######..     0%          5    ##.....
 Death Channel            Necr           ######....   0%          6    #####..
 Confusing Touch          Hex            #.....       1%          1    None
 Corona                   Hex            #......      1%          1    None
 Flame Tongue             Conj/Fire      #....        1%          1    None
 Freeze                   Ice            #...         1%          1    None
 Infusion                 Chrm           ###.         1%          1    None
 Magic Dart               Conj           #...         1%          1    None
 Shock                    Conj/Air       ##..         1%          1    None
 Sting                    Conj/Pois      ##..         1%          1    None
 Shroud of Golubria       Chrm/Tloc      ###.......   1%          2    None
 Swiftness                Chrm/Air       ###.....     1%          2    None
 Call Canine Familiar     Summ           ####....     1%          3    None
 Gell's Gravitas          Tloc           ###.......   1%          3    None
 Lesser Beckoning         Tloc           ###.......   1%          3    None
 Mephitic Cloud           Conj/Pois/Air  ##......     1%          3    None
 Ozocubu's Armour         Chrm/Ice       ##......     1%          3    None
 Recall                   Summ/Tloc      N/A          1%          3    None
 Spectral Weapon          Hex/Chrm       ##......     1%          3    None
 Static Discharge         Conj/Air       ##......     1%          3    None
 Stone Arrow              Conj/Erth      ###...       1%          3    None
 Summon Guardian Golem    Hex/Summ       ###.....     1%          3    None
 Teleport Other           Tloc           ###.....     1%          3    None
 Ice Form                 Ice/Tmut       ####....     1%          4    None
 Leda's Liquefaction      Hex/Erth       ###.......   1%          4    None
 Petrify                  Tmut/Erth      #####...     1%          4    None
 Summon Ice Beast         Ice/Summ       ###.....     1%          4    None
 Alistair's Intoxication  Tmut/Pois      ####....     1%          5    ##.....
 Bolt of Draining         Conj/Necr      ####......   1%          5    ##.....
 Excruciating Wounds      Chrm/Necr      #####.....   1%          5    ##.....
 Lee's Rapid Deconstruct  Erth           ####......   1%          5    ##.....
 Summon Demon             Summ           ####......   1%          5    ##.....
 Yara's Violent Unravell  Hex/Tmut       ####......   1%          5    ##.....
 Hydra Form               Tmut           #####.....   1%          6    #####..
 Dragon Form              Tmut           #####.....   1%          7    ######.
 Haunt                    Necr/Summ      #####.....   1%          7    ######.
 Borgnjor's Revivificati  Necr           ######....   1%          8    #######
 Infestation              Necr           ######....   1%          8    #######
 Ensorcelled Hibernation  Hex/Ice        #.....       2%          2    None
 Slow                     Hex            #.......     2%          2    None
 Throw Flame              Conj/Fire      #.....       2%          2    None
 Throw Frost              Conj/Ice       #.....       2%          2    None
 Airstrike                Air            ###.......   2%          4    None
 Summon Forest            Summ/Tloc      ###.......   2%          5    ##.....
 Simulacrum               Ice/Necr       ####......   2%          6    #####..
 Shadow Creatures         Summ           N/A          4%          6    #####..
 Olgreb's Toxic Radiance  Pois           ###.....     5%          4    None
 Confuse                  Hex            #.......     6%          3    None
 Conjure Flame            Conj/Fire      #.......     6%          3    None
 Dazzling Spray           Conj/Hex       #.....       6%          3    None
 Inner Flame              Hex/Fire       #.......     6%          3    None
 Tukima's Dance           Hex            #.......     6%          3    None
 Summon Mana Viper        Hex/Summ       ###.....     7%          5    ##.....
 Force Lance              Conj/Tloc      ##......     10%         4    None
 Bolt of Magma            Conj/Fire/Erth ###.......   14%         5    ##.....
 Iskenderun's Mystic Bla  Conj           #.......     24%         4    None
 Sticky Flame             Conj/Fire      #.......     24%         4    None
 Throw Icicle             Conj/Ice       #.......     24%         4    None
 Iskenderun's Battlesphe  Conj/Chrm      ##......     24%         5    ##.....
 Lightning Bolt           Conj/Air       ##........   24%         5    ##.....
 Silence                  Hex/Air        ##........   24%         5    ##.....
 Monstrous Menagerie      Summ           ####......   26%         7    ######.
 Summon Greater Demon     Summ           ####......   26%         7    ######.
 Summon Hydra             Summ           ####......   26%         7    ######.
 Venom Bolt               Conj/Pois      ##........   32%         5    ##.....
 Iron Shot                Conj/Erth      ###.......   36%         6    #####..
 Deflect Missiles         Chrm/Air       ###.......   43%         6    #####..
 Death's Door             Chrm/Necr      #####.....   45%         8    #######
 Fireball                 Conj/Fire      #.........   56%         5    ##.....
 Metabolic Englaciation   Hex/Ice        #.........   56%         5    ##.....
 Malign Gateway           Summ/Tloc      ###.......   71%         7    ######.
 Conjure Ball Lightning   Conj/Air       ##........   78%         6    #####..
 Freezing Cloud           Conj/Ice/Air   ##........   88%         6    #####..
 Poison Arrow             Conj/Pois      ##........   88%         6    #####..
 Summon Horrible Things   Summ           ####......   91%         8    #######
 Spellforged Servitor     Conj/Summ      ###.......   93%         7    ######.
 Bolt of Cold             Conj/Ice       #.........   98%         6    #####..
 Darkness                 Hex            #.........   98%         6    #####..
 Invisibility             Hex            #.......     98%         6    #####..
 Ozocubu's Refrigeration  Ice            #.........   98%         6    #####..
 Orb of Destruction       Conj           #.........   100%        7    ######.
 Ring of Flames           Chrm/Fire      ##........   100%        7    ######.
 Chain Lightning          Conj/Air       ##........   100%        8    #######
 Ignition                 Fire           #.........   100%        8    #######
 Lehudib's Crystal Spear  Conj/Erth      ###.......   100%        8    #######
 Fire Storm               Conj/Fire      #.........   100%        9    #######
 Glaciate                 Conj/Ice       #.........   100%        9    #######
 Shatter                  Erth           ####......   100%        9    #######
 Tornado                  Air            ###.......   100%        9    #######


Dungeon Overview and Level Annotations

Branches:
Dungeon (15/15)            Temple (1/1) D:5            Lair (6/6) D:10
  Swamp (4/4) Lair:2       Spider (4/4) Lair:3        Slime (5/5) Lair:5
    Orc (2/2) D:10            Elf (3/3) Orc:2        Vaults (5/5) D:13
  Crypt (3/3) Vaults:3       Tomb (0/3) Crypt:3      Depths (5/5) D:15
   Hell (1/1)                 Dis (7/7) Hell            Geh (7/7) Hell
    Coc (7/7) Hell            Tar (0/7) Hell            Zot (4/5) Depths:5

Altars:
Ashenzari
Cheibriados
Dithmenos
Elyvilon
Hepliaklqana
Makhleb
Sif Muna
Wu Jian
Xom
Yredelemnul
Zin
The Shining One
Beogh
Jiyva

Shops:
D:10 =   D:13 ?   Orc:2 !**?*   Elf:1 [   Vaults:4 =

Portals:
Hell: Depths:1 Depths:2 Depths:3 Depths:4 Depths:5
Abyss: Depths:1 Depths:4
Pandemonium: Depths:3 Depths:5
Ziggurat: Depths:1
Trove: Elf:3 (give 2 scrolls of acquirement)

Annotations:
D:4 Dowan, Duvessa
Spider:2 exclusion: 2 downstairs
Spider:3 exclusion: 2 downstairs
Orc:1 exclusion: 2 downstairs
Vaults:3 3 runed doors, Eneuly's ghost, legendary MfIE; Jufi's ghost, veteran HuFi; Tazamm's ghost, adept MiBe
Depths:1 exclusions: 2 doors and downstairs
Depths:2 exclusion: 2 downstairs
Depths:3 exclusion: 2 downstairs
Dis:7 exclusion: 6 doors


Innate Abilities, Weirdness & Mutations

You are too large for most types of armour.
You have claws for hands.
Your metabolism is lightning-fast.
You like to eat raw meat.
Your natural rate of healing is unusually fast.
You are covered in fur. (AC +1)
You have very tough skin. (AC +2)
You have very sharp teeth.
You are partially covered in icy blue scales. (AC +2)
Scrolls take you much longer to read.
Armour fits poorly on your strangely shaped body.
Your body often deteriorates upon taking damage.
You are very dopey. (Int -4)
You are extremely frail. (-30% HP)
You are very weak. (Str -4)
Your spells are much easier to cast, but much less powerful.
You expend magic power (3 MP) to strengthen your wands.
[You have an uncontrollable temper.]
[You are very clumsy. (Dex -4)]
[Your magical capacity is extremely low. (-30% MP)]
[You frequently scream uncontrollably at your foes.]
[You are sometimes teleported next to monsters.]
[Potions are poor at restoring your health.]


Message History

A chorus of shrieks assaults your mind.
* * * LOW HITPOINT WARNING * * *
You block something's attack.
You block the yellow draconian's attack.
Something hits you.
* * * LOW HITPOINT WARNING * * *
You feel your power leaking away.
You block the starcursed mass's attack. x2
Something hits you but does no damage. x2
You block the yellow draconian's attack.
Your system partially rejects the healing.
You feel much better.
You block the starcursed mass's attack. x2
Something hits you!!
* * * LOW HITPOINT WARNING * * *
Your body deteriorates!
You feel clumsy.
You feel your power leaking away. You block something's attack.
The yellow draconian hits you but does no damage.
The starcursed mass engulfs you but does no damage.
A chorus of shrieks assaults your mind.
You die...

....#....##
..........## v
........... ###.
..
............... .
....X..........
###..d#....... ##
.#..X#X...... #
#.{@#X.R#§*.# . .
#.{X#X..#....# ..
. #...#...#.#.v#
## . ###...#†
.#..##.# .
..#...X...#.#.. .
...#...#...#..#.
#
#..#.#...#....#.#
#
#...##...#......#
. . . ∩#.## #


You could see 4 starcursed masses and a yellow draconian.

Vanquished Creatures
  Asmodeus (Geh:7)
  the Royal Jelly (Slime:5)
  4 ancient liches
  A juggernaut (Depths:3)
  Sojobo (Depths:3)
  41 shard shrikes
  3 Killer Klowns (Zot:2)
  Margery (Depths:3)
  Saint Roka (Crypt:3)
  A curse toe (Zot:1)
  The ghost of Laeqaniwn the Agent of Entropy, a veteran DrWn of Lugonu (Depths:1)
  3 caustic shrikes
  Geryon (Hell)
  10 golden dragons
  Nikola (Swamp:2)
  Jory (Vaults:5)
  3 profane servitors
  29 bone dragons
  5 Tzitzimimeh
  56 Brimstone Fiends
  An electric golem (Zot:2)
  6 Hell Sentinels
  17 tentacled monstrosities
  13 iron giants
  44 Ice Fiends
  The ghost of utis the Fighter, an adept HuWr (Spider:4)
  A deep elf blademaster (Elf:3)
  20 liches
  4 quicksilver dragons
  Asterion (Vaults:3)
  6 titans
  23 ancient champions
  2 deep elf master archers (Elf:3)
  61 tentacled starspawn
  19 acid blobs
  10 sphinxes
  17 eldritch tentacles
  6 Executioners
  17 storm dragons
  4 death cobs
  4 thorn hunters
  Agnes (Elf:1)
  2 draconian monks
  11 shadow dragons
  10 tengu reavers
  3 revenants
  2 daevas (Abyss:1)
  8 azure jellies
  21 vault wardens
  24 fire giants
  A draconian scorcher (Abyss:2)
  9 draconian knights
  15 frost giants
  3 curse skulls
  An orc warlord (Vaults:5)
  13 ghost moths
  14 deep elf sorcerers
  7 iron dragons
  An angel (Abyss:2)
  5 deep elf elementalists
  2 ghouls
  2 emperor scorpions (Spider:4)
  6 draconian shifters
  10 cacodemons
  8 draconian annihilators
  20 balrugs
  3 spriggan defenders
  13 ironheart preservers
  93 reapers
  52 very ugly things
  6 war gargoyles
  25 stone giants
  3 elemental wellsprings
  2 ophanim (Abyss:1)
  Nessos (Orc:2)
  3 entropy weavers
  9 vampire knights
  10 green draconians
  8 deep elf demonologists
  2 dire elephants
  6 lorocyprocas
  4 deep elf annihilators
  16 white draconians
  5 yellow draconians
  9 spark wasps
  25 purple draconians
  8 black draconians
  A spark wasp (shapeshifter) (D:13)
  A minotaur (Lab)
  7 red draconians
  9 green deaths
  24 ettins
  6 eidola
  12 deep elf death magi
  11 quicksilver dragon zombies
  20 jiangshi
  7 deep elf high priests
  6 death oozes (Slime:4)
  24 blizzard demons
  9 statues (WizLab)
  11 fire dragons
  44 ice dragons
  29 great orbs of eyes
  2 kraken zombies (Coc:3)
  21 yaktaur captains
  5 hell beasts
  29 vault guards
  20 rakshasas
  A shambling mangrove (Swamp:4)
  9 quicksilver dragon skeletons
  2 ghost crabs (Swamp:4)
  A juggernaut simulacrum (Depths:1)
  2 caustic shrike simulacra (Depths:1)
  23 hydras
  Erica (D:10)
  6 spriggan air magi
  A merfolk avatar (Lair:6)
  47 two-headed ogres
  8 centaur warriors
  14 ogre magi
  33 dancing weapons
  12 alligators
  5 vampire magi
  An alligator (shapeshifter) (Depths:3)
  7 death knights
  14 deep troll earth magi
  14 deep troll shamans
  10 tengu warriors
  13 death yaks
  Urug (Orc:2)
  55 hell hogs
  63 thrashing horrors
  11 titan zombies
  7 spriggan berserkers
  A naga sharpshooter (Depths:3)
  13 soul eaters
  27 sun demons
  A spectral dire elephant (Crypt:3)
  6 iron golems
  8 orc high priests
  7 storm dragon zombies
  128 hell knights
  16 sixfirhies
  Nergalle (D:12)
  15 titan skeletons
  4 shadow wraiths
  48 wretched stars
  19 deep elf knights
  12 spatial maelstroms
  6 iron trolls
  31 flayed ghosts
  174 skeletal warriors
  A spectral anaconda (Crypt:3)
  2 quicksilver dragon simulacra
  13 unseen horrors
  10 golden dragon zombies
  A death drake (Abyss:4)
  124 large abominations
  9 storm dragon skeletons
  3 spriggan druids (Swamp:4)
  7 shadow demons
  An obsidian statue (Zot:3)
  36 deep trolls
  22 anaconda zombies
  20 deep elf archers
  14 glowing orange brains
  15 ironbrand convokers
  2 kraken simulacra
  5 ghost moth zombies
  7 wizards
  20 phantasmal warriors
  A harpy (shapeshifter) (Abyss:4)
  11 anaconda skeletons
  7 golden dragon skeletons
  12 swamp dragons
  19 orb spiders
  5 lindwurms
  15 orc knights
  5 harpies (Depths:3)
  93 deep elf magi
  12 wolf spider zombies
  19 frost giant zombies
  38 necromancers
  16 stone giant zombies
  11 shadow dragon zombies
  10 orc sorcerers
  18 iron dragon zombies
  47 ugly things
  7 shining eyes
  81 slime creatures
  2 manticores (shapeshifter)
  13 oklob plants
  32 wolf spiders
  14 fire giant zombies
  A wolf spider (shapeshifter) (Vaults:5)
  8 cyclopes
  3 salamanders (shapeshifter)
  A faun (shapeshifter) (Vaults:5)
  11 shadow dragon skeletons
  A sphinx skeleton (Vaults:3)
  13 worldbinders
  A moth of wrath (shapeshifter) (Abyss:5)
  7 iron dragon skeletons
  A guardian serpent (shapeshifter) (Vaults:4)
  27 moths of wrath
  6 manticores
  6 human skeletons
  14 elephants
  46 smoke demons
  2 guardian serpents
  51 rust devils
  2 black mambas
  15 apocalypse crabs
  8 shock serpent zombies
  16 stone giant skeletons
  15 frost giant skeletons
  21 vault sentinels
  12 dire elephant zombies
  3 naga magi
  A titan simulacrum (Vaults:4)
  3 ice statues
  16 molten gargoyles
  3 torpor snails
  2 eyes of devastation
  A storm dragon simulacrum (Coc:3)
  16 fire giant skeletons
  17 orange demons
  A torpor snail (shapeshifter) (Depths:1)
  A purple draconian zombie (Geh:2)
  A gargoyle (D:10)
  A shock serpent skeleton (Geh:7)
  62 hellions
  20 spiny frogs
  75 yaktaurs
  9 dire elephant skeletons
  10 rime drakes
  5 human zombies
  22 efreet
  6 kobold demonologists
  A minotaur zombie (Coc:7)
  3 tengu conjurers
  A white draconian zombie (Coc:1)
  4 emperor scorpion zombies
  13 komodo dragons
  81 tormentors
  A catoblepas zombie (Dis:3)
  69 ice devils
  8 trolls
  A black draconian skeleton (Coc:7)
  19 demonic crawlers
  A jumping spider (shapeshifter) (Abyss:4)
  A yaktaur skeleton (Vaults:3)
  34 ancient zymes
  14 polar bears
  75 freezing wraiths
  5 harpy zombies
  A silent spectre (Abyss:2)
  2 trolls (shapeshifter)
  54 red devils
  11 hellwings
  8 meliai
  2 queen bees
  A meliai (shapeshifter) (Vaults:3)
  An iron troll skeleton (Crypt:2)
  31 jumping spiders
  51 hydra zombies
  2 wind drakes (Lair:6)
  4 harpy skeletons
  A merfolk (shapeshifter) (D:13)
  3 hornets (shapeshifter)
  14 hydra skeletons
  11 bog bodies
  7 tyrant leeches
  12 fire dragon zombies
  15 blink frogs
  A slime creature (shapeshifter) (Vaults:4)
  2 stone giant simulacra
  Prince Ribbit (D:6)
  2 dream sheep (D:9)
  5 fire giant simulacra
  26 hornets
  2 frost giant simulacra
  57 raiju
  10 ettin zombies
  13 hippogriffs
  9 alligator zombies
  352 starcursed masses
  15 ice dragon zombies
  8 ice dragon skeletons
  4 black mamba zombies
  8 ettin skeletons
  299 flying skulls
  2 air elementals (Elf:1)
  A centaur simulacrum (D:14)
  85 redbacks
  10 spriggans
  5 wyverns
  7 alligator skeletons
  25 ynoxinuls
  47 fire elementals
  3 vampires
  21 water elementals
  54 shadows
  A yak (shapeshifter) (Vaults:1)
  25 tarantellas
  44 yaks
  15 fire dragon skeletons
  5 fire bats (Abyss:1)
  A hog (shapeshifter) (D:13)
  58 wraiths
  4 basilisks
  Eustachio (D:7)
  27 neqoxecs
  5 black mamba skeletons
  10 golden eyes
  A human (shapeshifter) (D:13)
  9 hungry ghosts
  11 vampire mosquitoes
  27 chaos spawn
  2 merfolk zombies
  17 wargs
  8 insubstantial wisps
  2 nagas (Abyss:4)
  A harpy simulacrum (Coc:4)
  A naga (shapeshifter) (Abyss:1)
  17 swamp worms
  A gelid demonspawn zombie (Crypt:2)
  A soldier ant (D:12)
  A deep troll zombie (Crypt:2)
  17 spatial vortices
  23 spiny frog zombies
  9 hydra simulacra
  7 acid dragons
  A floating eye (Depths:4)
  7 porcupines
  140 hell hounds
  A floating eye (shapeshifter) (Vaults:4)
  6 water moccasins
  8 snapping turtle zombies
  36 orc warriors
  17 swamp drakes
  4 black bears
  A hornet zombie (D:14)
  18 eyes of draining
  5 sky beasts
  9 spiny frog skeletons
  4 manticore zombies
  An ettin simulacrum (Coc:4)
  A black mamba simulacrum (Coc:3)
  2 fire dragon simulacra
  25 ice beasts
  36 ogres
  2 alligator simulacra (Coc:3)
  A black bear (shapeshifter) (D:14)
  17 phantoms
  20 centaurs
  10 wolves
  2 manticore skeletons
  23 necrophages
  4 boggarts (Vaults:3)
  3 swamp dragon zombies
  A dream sheep skeleton (Crypt:2)
  A crocodile (shapeshifter) (Abyss:5)
  5 snapping turtle skeletons
  2 swamp dragon skeletons
  5 crocodiles
  Blork the orc (D:7)
  An elf zombie (Abyss:1)
  13 bullfrogs
  8 big kobolds
  A deep troll simulacrum (Vaults:3)
  A gnoll sergeant (D:7)
  110 small abominations
  An elf skeleton (Dis:2)
  6 earth elementals
  3 spiny frog simulacra
  A water moccasin zombie (D:8)
  A wyvern skeleton (D:8)
  5 scorpions
  3 water moccasin skeletons
  A hornet simulacrum (Vaults:1)
  A swamp dragon simulacrum (Coc:3)
  A spriggan zombie (Dis:5)
  61 killer bees
  A manticore simulacrum (Coc:6)
  166 wights
  2 yak skeletons (Crypt:1)
  2 troll skeletons
  4 electric eels
  8 howler monkeys
  2 spriggan skeletons
  16 crimson imps
  4 centaur zombies
  3 human simulacra
  21 quasits
  4 bullfrog zombies
  5 jellies
  16 orc wizards
  7 centaur skeletons
  10 hounds
  37 orc priests
  2 bullfrog skeletons
  69 iron imps
  5 iguanas
  13 worker ants
  A hell rat (D:9)
  An acid dragon zombie (Crypt:2)
  An ogre zombie (Geh:3)
  3 tengu zombies
  A tengu skeleton (Coc:6)
  A hound zombie (D:5)
  13 mummies
  A worker ant zombie (D:3)
  9 gnolls
  3 river rats
  8 adders
  7 shadow imps
  56 white imps
  20 ufetubi
  An ooze (D:3)
  An adder zombie (D:9)
  3 adder skeletons
  2 worms (D:3)
  A dart slug (D:3)
  6 leopard geckos
  118 orcs
  9 bats
  A bat zombie (Crypt:1)
  2 giant cockroaches
  6 goblins
  9 hobgoblins
  12 jackals
  5 quokkas
  A ball python (D:3)
  11 frilled lizards
  A giant cockroach zombie (Crypt:1)
  A hobgoblin skeleton (Crypt:2)
  32 kobolds
  A kobold zombie (Coc:2)
  2 leopard gecko skeletons
  2 leopard gecko zombies
  An orc skeleton (Abyss:1)
  2 orc zombies
  7 rats
  4 briar patches (Swamp:4)
  4 crawling corpses (Vaults:5)
  7 fire vortices
  6 fungi (Zot:1)
  2 lurking horrors (Abyss:4)
  7 plants
  44 starspawn tentacles
  9 tentacles
6949 creatures vanquished.

Vanquished Creatures (collateral kills)
  A shard shrike (Coc:7)
  A bone dragon (Abyss:4)
  A hell hog (Abyss:1)
  A thrashing horror (Abyss:2)
  A wretched star (Abyss:4)
  A hell knight (Geh:5)
  A skeletal warrior (Dis:5)
  A flayed ghost (Dis:7)
  An ugly thing (Abyss:5)
  2 starcursed masses
  2 smoke demons
  A freezing wraith (Coc:7)
  A red devil (Geh:5)
  A blink frog (Lair:4)
  A bog body (Coc:7)
  A flying skull (Coc:7)
  2 shadows
  A chaos spawn (Abyss:1)
  2 spatial vortices
  2 hell hounds (Dis:2)
  A small abomination (Abyss:1)
  A big kobold (Abyss:4)
  A spiny frog simulacrum (Coc:6)
  A wight (Dis:2)
  2 iron imps (Dis:7)
  3 white imps
  A kobold (Abyss:4)
35 creatures vanquished.

Vanquished Creatures (others)
  An iron dragon (Dis:7)
  3 elemental wellsprings
  A very ugly thing (Vaults:3)
  A vampire knight (Depths:4)
  2 hydras (Swamp:4)
  A death knight (Vaults:5)
  A necromancer (Geh:3)
  A deep elf mage (Elf:1)
  A rust devil (Dis:2)
  A dire elephant skeleton (Geh:7)
  A demonic crawler (Spider:2)
  A harpy zombie (Coc:7)
  A red devil (Geh:6)
  2 raiju
  A flying skull (Coc:7)
  2 wraiths
  2 fire dragon skeletons (Geh:7)
  A spatial vortex (Abyss:4)
  A hell hound (Geh:3)
  4 small abominations
  A snapping turtle skeleton (Geh:5)
  An eye of draining (Abyss:5)
  A killer bee (Abyss:5)
  A wight (Geh:2)
  A jelly (Abyss:1)
  A human skeleton (Geh:7)
  3 fungi
  11 lurking horrors
  13 plants
  103 starspawn tentacles
  11 tentacles
  2 withered plants (Vaults:3)
178 creatures vanquished.

Grand Total: 7162 creatures vanquished

Notes
Turn   | Place    | Note
-------+----------+-------------------------------------------
     0 | D:1      | pariah the Troll Fighter began the quest for the Orb.
     0 | D:1      | Reached XP level 1. HP: 22/22 MP: 0/0
   107 | D:1      | Reached XP level 2. HP: 29/29 MP: 1/1
   810 | D:1      | Reached XP level 3. HP: 33/36 MP: 2/2
  1363 | D:2      | Found a deep blue altar of Sif Muna.
  1653 | D:2      | Reached skill level 3 in Unarmed Combat
  1653 | D:2      | Reached XP level 4. HP: 25/44 MP: 3/3
  1805 | D:2      | Found a shattered altar of Ashenzari.
  1810 | D:2      | Found a glowing silver altar of Zin.
  1810 | D:2      | Found a glowing golden altar of the Shining One.
  1813 | D:2      | Found a snail-covered altar of Cheibriados.
  1814 | D:2      | Found an ornate altar of the Wu Jian Council.
  1823 | D:2      | Became a worshipper of Cheibriados the Contemplative
  2062 | D:3      | Found a shimmering altar of Xom.
  2408 | D:3      | Reached skill level 1 in Invocations
  2410 | D:3      | Reached XP level 5. HP: 44/50 MP: 4/4
  2425 | D:3      | Reached * piety under Cheibriados
  2961 | D:3      | Reached skill level 4 in Unarmed Combat
  3187 | D:4      | Noticed an ogre
  3198 | D:4      | Killed an ogre
  3198 | D:4      | Reached XP level 6. HP: 54/59 MP: 6/6
  3241 | D:4      | Reached ** piety under Cheibriados
  3780 | D:4      | Found a basalt altar of Yredelemnul.
  3929 | D:4      | Noticed Duvessa
  3929 | D:4      | Noticed Dowan
  3971 | D:5      | Entered Level 5 of the Dungeon
  3988 | D:5      | Noticed a sky beast
  4019 | D:4      | Killed a sky beast
  4019 | D:4      | Reached skill level 5 in Unarmed Combat
  4193 | D:5      | Reached XP level 7. HP: 60/66 MP: 7/7
  4231 | D:5      | Reached skill level 6 in Unarmed Combat
  4842 | D:5      | Found a staircase to the Ecumenical Temple.
  4851 | Temple   | Entered the Ecumenical Temple
  4961 | D:5      | Reached XP level 8. HP: 59/75 MP: 9/9
  5262 | D:5      | Reached skill level 7 in Unarmed Combat
  5442 | D:6      | Found a hazy altar of Hepliaklqana.
  5459 | D:6      | Reached *** piety under Cheibriados
  5694 | D:6      | Noticed Prince Ribbit
  5753 | D:6      | Killed Prince Ribbit
  5753 | D:6      | Reached skill level 1 in Throwing
  6385 | D:6      | Reached skill level 5 in Shields
  6518 | D:7      | Reached skill level 8 in Unarmed Combat
  6570 | D:7      | Noticed Eustachio
  6571 | D:7      | Noticed Blork the orc
  6608 | D:7      | Killed Eustachio
  6707 | D:7      | Reached XP level 9. HP: 83/83 MP: 11/11
  7067 | D:7      | Reached **** piety under Cheibriados
  7277 | D:7      | Killed Blork the orc
  7277 | D:7      | Reached skill level 9 in Unarmed Combat
  7554 | D:8      | Reached skill level 5 in Invocations
  7803 | D:8      | Reached skill level 10 in Unarmed Combat
  7848 | D:8      | Reached ***** piety under Cheibriados
  7933 | D:8      | Reached XP level 10. HP: 91/91 MP: 13/13
  8213 | D:9      | Learned a level 2 spell: Blink
  8350 | D:9      | Got a twisted long sword
  8361 | D:9      | Identified the +2 long sword "Diagriwn" {holy, SInv} (You
                  | found it on level 9 of the Dungeon)
  8366 | D:9      | Noticed a two-headed ogre
  8375 | D:9      | Killed a two-headed ogre
  8375 | D:9      | Reached skill level 1 in Translocations
  8735 | D:9      | Reached skill level 11 in Unarmed Combat
  8774 | D:9      | Noticed a two-headed hydra
  8778 | D:9      | Killed a one-headed hydra
  8867 | D:10     | Entered Level 10 of the Dungeon
  8869 | D:10     | Found a staircase to the Orcish Mines.
  9224 | D:10     | Noticed Erica
  9243 | D:10     | Noticed a gargoyle
  9244 | D:10     | Found Wuvusuph's Jewellery Emporium.
  9250 | D:10     | Noticed a wizard
  9258 | D:10     | Killed a wizard
  9258 | D:10     | Reached skill level 1 in Spellcasting
  9258 | D:10     | Reached XP level 11. HP: 69/98 MP: 14/14
  9285 | D:10     | Noticed an orc sorcerer
  9291 | D:10     | Killed an orc sorcerer
  9315 | D:10     | Noticed a wizard
  9335 | D:10     | Killed a wizard
  9389 | D:10     | Reached ****** piety under Cheibriados
  9785 | D:10     | Got a faintly glowing demon blade
  9786 | D:10     | Identified the +2 demon blade "Japtitev" {elec, Int-4
                  | Dex+7} (You found it on level 10 of the Dungeon)
  9845 | D:10     | Found a staircase to the Lair.
  9845 | D:10     | Noticed a death yak
  9845 | D:10     | Noticed a death yak
  9845 | D:10     | Noticed a death yak
 10229 | D:10     | Killed Erica
 10229 | D:10     | Reached skill level 12 in Unarmed Combat
 10275 | D:10     | Learned a level 2 spell: Passwall
 10336 | D:10     | Bought the ring of the Louse {rElec rPois rF- MR+ Int-3}
                  | for 448 gold pieces
 10428 | D:9      | Killed a death yak
 10443 | D:9      | Killed a death yak
 10454 | D:10     | Killed a death yak
 10740 | Orc:1    | Entered Level 1 of the Orcish Mines
 10782 | Orc:1    | Noticed a two-headed ogre
 10792 | Orc:1    | Killed a two-headed ogre
 10792 | Orc:1    | Noticed an orc sorcerer
 10793 | Orc:1    | Paralysed by an orc sorcerer for 3 turns
 10799 | Orc:1    | Killed an orc sorcerer
 11261 | Orc:1    | Found a burning altar of Makhleb.
 11268 | Orc:1    | Noticed an orc sorcerer
 11271 | Orc:1    | Killed an orc sorcerer
 11497 | Orc:2    | Entered Level 2 of the Orcish Mines
 11774 | Orc:2    | Noticed a two-headed ogre
 11793 | Orc:2    | Noticed an orc high priest
 11797 | Orc:2    | Reached XP level 12. HP: 93/107 MP: 16/16
 11854 | Orc:2    | Killed an orc high priest
 11912 | Orc:2    | Noticed an orc high priest
 11927 | Orc:1    | Killed an orc high priest
 11927 | Orc:1    | Reached skill level 13 in Unarmed Combat
 12047 | Orc:2    | Noticed an orc high priest
 12049 | Orc:2    | Killed a two-headed ogre
 12221 | Orc:1    | Killed an orc high priest
 12383 | Orc:2    | Noticed Nessos
 12501 | Orc:2    | Killed Nessos
 12561 | Orc:2    | Noticed an orc high priest
 12569 | Orc:2    | Killed an orc high priest
 12578 | Orc:2    | Found Ewnietokk's Assorted Antiques.
 12578 | Orc:2    | Found Xituw's General Store.
 12586 | Orc:2    | Bought a scroll labeled XIEKIL DUNAUQICW for 24 gold pieces
 12605 | Orc:2    | Found a roughly hewn altar of Beogh.
 12939 | Orc:2    | Found Imirri's Distillery.
 12945 | Orc:2    | Gained mutation: Your spells are a little harder to cast,
                  | but a little more powerful. [potion of mutation]
 12945 | Orc:2    | Gained mutation: You are weak. (Str -2) [potion of
                  | mutation]
 12945 | Orc:2    | Gained mutation: Your spells are harder to cast, but more
                  | powerful. [potion of mutation]
 12946 | Orc:2    | Lost mutation: You are weak. (Str -2) [potion of mutation]
 12946 | Orc:2    | Lost mutation: Your spells are harder to cast, but more
                  | powerful. [potion of mutation]
 12946 | Orc:2    | Lost mutation: Your spells are a little harder to cast, but
                  | a little more powerful. [potion of mutation]
 12946 | Orc:2    | Gained mutation: You have a somewhat thin skeletal
                  | structure. (Dex +2, Stealth) [potion of mutation]
 12946 | Orc:2    | Gained mutation: [You tend to lose your temper in combat.]
                  | [potion of mutation]
 12946 | Orc:2    | Gained mutation: Your movements are slightly less
                  | encumbered by armour. (ER -2) [potion of mutation]
 12946 | Orc:2    | Gained mutation: You have supernaturally acute eyesight.
                  | (SInv) [potion of mutation]
 12947 | Orc:2    | Lost mutation: You have supernaturally acute eyesight.
                  | (SInv) [potion of mutation]
 12947 | Orc:2    | Lost mutation: Your movements are slightly less encumbered
                  | by armour. (ER -2) [potion of mutation]
 12947 | Orc:2    | Lost mutation: You have a somewhat thin skeletal structure.
                  | (Dex +2, Stealth) [potion of mutation]
 12947 | Orc:2    | Gained mutation: You have a pair of small horns on your
                  | head. [potion of mutation]
 12947 | Orc:2    | Gained mutation: You are robust. (+10% HP) [potion of
                  | mutation]
 13000 | Orc:2    | Noticed an orc high priest
 13005 | Orc:2    | Killed an orc high priest
 13039 | Orc:2    | Found a staircase to the Elven Halls.
 13054 | Orc:2    | Found Jyitim's Magic Scroll Emporium.
 13054 | Orc:2    | Found Quvvapae's General Store.
 13084 | Orc:2    | Noticed an orc high priest
 13094 | Orc:2    | Killed an orc high priest
 13167 | Orc:2    | Bought a potion of mutation for 128 gold pieces
 13167 | Orc:2    | Lost mutation: You have a pair of small horns on your head.
                  | [potion of mutation]
 13167 | Orc:2    | Lost mutation: [You tend to lose your temper in combat.]
                  | [potion of mutation]
 13167 | Orc:2    | Lost mutation: You are robust. (+10% HP) [potion of
                  | mutation]
 13167 | Orc:2    | Gained mutation: You passively map a small area around you.
                  | [potion of mutation]
 13167 | Orc:2    | Gained mutation: You are weak. (Str -2) [potion of
                  | mutation]
 13167 | Orc:2    | Gained mutation: You have very sharp teeth. [potion of
                  | mutation]
 13285 | Orc:2    | Noticed Urug
 13296 | Orc:2    | Killed Urug
 13296 | Orc:2    | Reached skill level 1 in Earth Magic
 13614 | D:11     | Found a frozen archway.
 13628 | D:11     | Reached skill level 1 in Transmutations
 13688 | IceCv    | Entered an ice cave
 13693 | IceCv    | Reached skill level 14 in Unarmed Combat
 14255 | IceCv    | Reached XP level 13. HP: 96/114 MP: 18/18
 14449 | IceCv    | Noticed a frost giant
 14493 | IceCv    | Killed a frost giant
 14791 | D:11     | Lost mutation: You are weak. (Str -2) [potion of mutation]
 14791 | D:11     | Lost mutation: You passively map a small area around you.
                  | [potion of mutation]
 14791 | D:11     | Gained mutation: You have a pair of small antennae on your
                  | head. [potion of mutation]
 14791 | D:11     | Gained mutation: You are robust. (+10% HP) [potion of
                  | mutation]
 14791 | D:11     | Gained mutation: Your muscles are strong. (Str +2) [potion
                  | of mutation]
 14791 | D:11     | Gained mutation: Your mind is acute. (Int +2) [potion of
                  | mutation]
 14809 | D:11     | Got a brightly glowing marble ring
 15005 | D:11     | Identified the ring of Saut {+Fly rF+ Dex+4} (You found it
                  | on level 11 of the Dungeon)
 15489 | D:12     | Noticed Nergalle
 15495 | D:12     | Killed Nergalle
 15647 | D:12     | Reached skill level 1 in Armour
 15871 | D:12     | Reached skill level 5 in Fighting
 16069 | D:12     | Learned a level 2 spell: Poisonous Vapours
 16834 | D:13     | Noticed a fire giant
 16834 | D:13     | Noticed a sphinx
 16900 | D:13     | Reached skill level 1 in Poison Magic
 16922 | D:13     | Reached skill level 1 in Air Magic
 16994 | D:13     | Reached XP level 14. HP: 121/140 MP: 12/19
 17026 | D:13     | Learned a level 4 spell: Summon Lightning Spire
 17034 | D:13     | Found Kaenocy's Magic Scroll Shoppe.
 17040 | D:13     | Bought a scroll of magic mapping for 56 gold pieces
 17261 | D:13     | Found a gate to the Vaults.
 17436 | D:13     | Identified the +9 hand axe of Propriety {flame, +Blink rF-
                  | Str+4}
 17475 | D:13     | Killed a fire giant
 17489 | D:13     | Reached skill level 1 in Summonings
 17508 | D:13     | Killed a sphinx
 17761 | D:14     | Reached skill level 5 in Dodging
 18600 | D:14     | Reached skill level 5 in Throwing
 18910 | D:14     | Identified the cursed +0 leather armour "Amuija" {Int+4}
 19486 | D:15     | Entered Level 15 of the Dungeon
 19495 | D:15     | Found a labyrinth entrance.
 19620 | Lab      | Entered a labyrinth
 20893 | Lab      | Paralysed by fainting for 8 turns
 20902 | Lab      | Paralysed by fainting for 5 turns
 21279 | Lab      | Identified the Almanac of Helpful Companions
 21644 | D:15     | Reached XP level 15. HP: 132/150 MP: 20/20
 21707 | D:15     | Reached skill level 5 in Summonings
 21779 | D:15     | Found a staircase to the Depths.
 22588 | Lair:1   | Entered Level 1 of the Lair of Beasts
 23882 | Lair:2   | Found a staircase to the Swamp.
 24101 | Lair:3   | Found a hole to the Spider Nest.
 24322 | Lair:3   | Reached skill level 15 in Unarmed Combat
 26242 | Lair:5   | Found a viscous altar of Jiyva.
 26242 | Lair:5   | Found a staircase to the Slime Pits.
 26370 | Lair:5   | Got an ancient large shield
 26381 | Lair:5   | Identified the +10 large shield "Hixt" {-Tele rElec MR+++
                  | Str+3 Dex-3} (You found it on level 5 of the Lair of
                  | Beasts)
 26931 | Lair:6   | Entered Level 6 of the Lair of Beasts
 27148 | Lair:5   | Reached XP level 16. HP: 160/160 MP: 21/21
 27391 | Lair:6   | Reached skill level 16 in Unarmed Combat
 27991 | Lair:6   | Got a fine iron ring
 28005 | Lair:6   | Identified the ring "Ustreushe" {rC+ MP+9 Slay+2} (You
                  | found it on level 6 of the Lair of Beasts)
 28454 | Depths:1 | Entered Level 1 of the Depths
 28672 | Depths:1 | Reached skill level 10 in Shields
 28811 | Depths:1 | Learned a level 1 spell: Summon Butterflies
 29032 | Depths:1 | Found a gateway to a ziggurat.
 29188 | Depths:1 | Found a one-way gate to the infinite horrors of the Abyss.
 29227 | Depths:1 | Found a transporter.
 29232 | Depths:1 | Noticed an ancient lich
 29234 | Depths:1 | Noticed a lich
 29248 | Depths:1 | Found a gateway to Hell.
 29447 | Depths:1 | Noticed Laeqaniwn's ghost (veteran DrWn)
 29450 | Depths:1 | Found a transporter.
 29561 | Depths:2 | Reached XP level 17. HP: 173/173 MP: 22/22
 30330 | Spider:1 | Entered Level 1 of the Spider Nest
 31977 | Spider:2 | Reached skill level 5 in Armour
 34024 | Spider:4 | Entered Level 4 of the Spider Nest
 35436 | Spider:4 | Found a transporter.
 35439 | Spider:4 | Noticed utis's ghost (adept HuWr)
 35449 | Spider:4 | Found a transporter.
 35487 | Spider:4 | Reached XP level 18. HP: 188/188 MP: 23/23
 35689 | Spider:4 | Learned a level 1 spell: Apportation
 36956 | Spider:4 | Got a gossamer rune of Zot
 37783 | Depths:2 | Noticed a lich
 37794 | Depths:2 | Killed a lich
 38178 | Depths:2 | Noticed a lich
 38187 | Depths:2 | Killed a lich
 38288 | Depths:2 | Found a runed door.
 38288 | Depths:2 | Noticed a tentacled monstrosity
 38288 | Depths:2 | Noticed a caustic shrike
 38290 | Depths:2 | Noticed a tentacled monstrosity
 38755 | Depths:3 | Noticed a golden dragon
 38755 | Depths:3 | Noticed a juggernaut
 38761 | Depths:3 | Killed a golden dragon
 38767 | Depths:3 | Killed a juggernaut
 38767 | Depths:3 | Reached skill level 15 in Shields
 38927 | Depths:3 | Noticed Sojobo
 38940 | Depths:3 | Killed Sojobo
 38963 | Depths:3 | Identified a scroll of acquirement
 38983 | Depths:3 | Noticed a caustic shrike
 38995 | Depths:3 | Killed a caustic shrike
 39321 | Depths:2 | Reached skill level 10 in Fighting
 39597 | Depths:3 | Reached skill level 10 in Armour
 39621 | Depths:3 | Noticed a lich
 39629 | Depths:3 | Killed a lich
 39635 | Depths:3 | Reached XP level 19. HP: 108/200 MP: 24/24
 40156 | Depths:3 | Noticed Margery
 40166 | Depths:3 | Killed Margery
 40180 | Depths:3 | Got a sparkling ivory ring
 40199 | Depths:3 | Identified the ring "Tasa" {rPois rF+ AC+4 Str+3 Dex-5}
                  | (You found it on level 3 of the Depths)
 40677 | Depths:3 | Got a wavering marble ring
 40678 | Depths:3 | Identified the ring "Oremymm" {rElec rC- Str+9 Dex-4
                  | Stlth+} (You found it on level 3 of the Depths)
 40702 | Depths:3 | Found an ornate altar of the Wu Jian Council.
 40863 | Depths:3 | Found an ornate altar of the Wu Jian Council.
 40899 | Depths:3 | Reached skill level 17 in Unarmed Combat
 40903 | Depths:3 | Identified the ring "Murozxag" {-Tele rElec rF+ EV+1}
 40978 | Depths:3 | Found a one-way gate leading to the halls of Pandemonium.
 42475 | Depths:4 | Reached XP level 20. HP: 211/211 MP: 25/25
 43047 | Depths:4 | Noticed a golden dragon
 43051 | Depths:4 | Killed a golden dragon
 43063 | Depths:4 | Got a brightly glowing great mace
 43064 | Depths:4 | Identified the +5 great mace of Kaesaof {flame, rN+} (You
                  | found it on level 4 of the Depths)
 44106 | Depths:4 | Noticed a caustic shrike
 44114 | Depths:4 | Paralysed by a floating eye for 3 turns
 44118 | Depths:4 | Killed a caustic shrike
 44118 | Depths:4 | Reached skill level 15 in Armour
 44432 | Depths:5 | Entered Level 5 of the Depths
 45243 | Depths:5 | Reached XP level 21. HP: 220/220 MP: 27/27
 45261 | Depths:5 | Reached skill level 10 in Invocations
 45869 | Depths:4 | Reached skill level 18 in Unarmed Combat
 45895 | Depths:4 | Got a slimy bone ring
 45896 | Depths:4 | Identified the ring of Byfor {MR- AC+1 Dex+6} (You found it
                  | on level 4 of the Depths)
 46226 | Depths:5 | Noticed a golden dragon
 46232 | Depths:5 | Killed a golden dragon
 46355 | Depths:5 | Found a gate to the Realm of Zot.
 46818 | Elf:1    | Entered Level 1 of the Elven Halls
 47280 | Elf:1    | Identified the Compendium of Attacks
 47337 | Elf:1    | Noticed Agnes
 47342 | Elf:1    | Killed Agnes
 47373 | Elf:1    | Reached skill level 19 in Unarmed Combat
 47590 | Elf:1    | Found Momidd's Antique Armour Emporium.
 48284 | Elf:2    | Reached XP level 22. HP: 194/229 MP: 28/28
 48398 | Elf:2    | Found a runed door.
 48518 | Elf:2    | Found a runed gate.
 48518 | Elf:2    | Found a runed gate.
 48518 | Elf:2    | Found a runed gate.
 49092 | Elf:3    | Entered Level 3 of the Elven Halls
 49255 | Elf:3    | Reached skill level 20 in Unarmed Combat
 49669 | Elf:3    | Found a portal to a secret trove of treasure.
 49973 | Elf:3    | Identified the amulet "Raitae Peov" {Acrobat +Inv rF+ Str+3
                  | Slay-3}
 49983 | Elf:3    | Identified the cursed +0 bardiche "Hurom" {chop, rF+ Str-4
                  | Int+3}
 49983 | Elf:3    | Identified the ring of the Illusory Wishes {Dex+3 Slay+2
                  | Stlth+}
 50405 | Elf:3    | Found the +3 giant club "Skullcrusher" {speed, Str+7}
 50434 | Elf:3    | Got an ichor-stained dagger
 50435 | Elf:3    | Identified the +7 dagger "Fudghague" {elec, Dex+2} (You
                  | found it on level 3 of the Elven Halls)
 50438 | Elf:3    | Got a brightly glowing hand axe
 50439 | Elf:3    | Identified the cursed +2 hand axe of Judgement {chop,
                  | Str+3} (You found it on level 3 of the Elven Halls)
 50844 | Swamp:1  | Entered Level 1 of the Swamp
 51695 | Swamp:2  | Noticed Nikola
 51722 | Swamp:2  | Killed Nikola
 51722 | Swamp:2  | Reached skill level 21 in Unarmed Combat
 53016 | Swamp:4  | Entered Level 4 of the Swamp
 53226 | Swamp:4  | Reached XP level 23. HP: 218/238 MP: 29/29
 53609 | Swamp:4  | Got a decaying rune of Zot
 54221 | Vaults:1 | Entered Level 1 of the Vaults
 54646 | Vaults:1 | Reached skill level 22 in Unarmed Combat
 55841 | Vaults:2 | Identified the cursed +0 scale mail of the Archfiend
                  | {Dex+6}
 57151 | Vaults:3 | Found a runed gate.
 57153 | Vaults:3 | Noticed Tazamm's ghost (adept MiBe)
 57155 | Vaults:3 | Found a runed gate.
 57155 | Vaults:3 | Found a runed gate.
 57155 | Vaults:3 | Noticed Tazamm's ghost (adept MiBe)
 57156 | Vaults:3 | Noticed Jufi's ghost (veteran HuFi)
 57161 | Vaults:3 | Noticed Eneuly's ghost (legendary MfIE)
 57210 | Vaults:3 | Reached skill level 23 in Unarmed Combat
 57252 | Vaults:3 | Noticed Asterion
 57256 | Vaults:3 | Killed Asterion
 57256 | Vaults:3 | Reached XP level 24. HP: 250/250 MP: 29/29
 57805 | Vaults:3 | Found a staircase to the Crypt.
 58391 | Vaults:4 | Paralysed by a floating eye for 3 turns
 58532 | Vaults:4 | Found Ipu Ixodgh's Jewellery Boutique.
 58961 | Vaults:4 | Reached skill level 24 in Unarmed Combat
 59145 | Vaults:4 | Upgraded the game from 0.23-a0-451-g1044d4c to
                  | 0.23-a0-455-ge12115f
 59932 | Vaults:5 | Entered Level 5 of the Vaults
 59953 | Vaults:5 | Noticed Jory
 59967 | Vaults:5 | Killed Jory
 59967 | Vaults:5 | Reached XP level 25. HP: 132/264 MP: 24/29
 60219 | Vaults:4 | Reached skill level 1 in Evocations
 61278 | Vaults:5 | Got a silver rune of Zot
 61445 | Vaults:5 | Got a scintillating marble ring
 61447 | Vaults:5 | Identified the ring of Entrepreneurial Spirit {*Tele Str-5
                  | Int+5} (You found it on level 5 of the Vaults)
 62210 | Elf:3    | Learned a level 5 spell: Irradiate
 62216 | Elf:3    | Learned a level 5 spell: Borgnjor's Vile Clutch
 62220 | Elf:3    | Learned a level 3 spell: Regeneration
 62395 | D:10     | Bought the ring "Jeleuc" {rN++ Stlth-} for 375 gold pieces
 62546 | Orc:2    | Bought a scroll of holy word for 90 gold pieces
 62546 | Orc:2    | Bought a scroll of enchant armour for 90 gold pieces
 62546 | Orc:2    | Bought a scroll of summoning for 114 gold pieces
 62805 | Crypt:1  | Entered Level 1 of the Crypt
 62962 | Crypt:1  | Found a basalt altar of Yredelemnul.
 62982 | Crypt:1  | Found a magical portal.
 62991 | WizLab   | Entered Iskenderun's Mystic Tower
 63356 | WizLab   | Reached XP level 26. HP: 250/278 MP: 29/29
 63945 | WizLab   | Reached skill level 10 in Throwing
 63947 | WizLab   | Identified Iskenderun's Grimoire of Confrontation
 63947 | WizLab   | Identified Iskenderun's Disquisition on Attacks
 63985 | WizLab   | Identified the Guide on Congealing Venom
 65532 | Crypt:3  | Entered Level 3 of the Crypt
 65811 | Crypt:3  | Found a basalt altar of Yredelemnul.
 65927 | Crypt:3  | Noticed Saint Roka
 65961 | Crypt:3  | Killed Saint Roka
 66194 | Crypt:3  | Found a staircase to the Tomb.
 66194 | Crypt:3  | Noticed an ancient lich
 66196 | Crypt:3  | Killed an ancient lich
 66483 | Crypt:3  | Identified the Collected Works on Evil Rites
 66984 | Orc:2    | Bought a potion of cancellation for 128 gold pieces
 66984 | Orc:2    | Bought a potion of invisibility for 128 gold pieces
 66984 | Orc:2    | Bought 2 potions of heal wounds for 160 gold pieces
 66984 | Orc:2    | Bought a potion of might for 64 gold pieces
 66984 | Orc:2    | Bought a potion of heal wounds for 80 gold pieces
 66984 | Orc:2    | Bought a potion of might for 64 gold pieces
 67006 | Orc:2    | Bought a potion of brilliance for 60 gold pieces
 67006 | Orc:2    | Bought a scroll of summoning for 142 gold pieces
 67275 | Spider:4 | Killed utis's ghost
 67305 | Spider:4 | Got a twitching steel ring
 67308 | Spider:4 | Identified the cursed ring "Wodwill" {*Drain rElec Int+4
                  | Dex+9 Slay-3} (You found it on level 4 of the Spider Nest)
 67729 | Depths:1 | Killed an ancient lich
 67736 | Depths:1 | Killed Laeqaniwn's ghost
 67774 | Depths:1 | Identified the Tome of Feathery Dislocation
 68006 | Zot:1    | Entered Level 1 of the Realm of Zot
 68104 | Zot:1    | Reached XP level 27. HP: 228/291 MP: 29/29
 69945 | Zot:2    | Noticed an ancient lich
 69949 | Zot:2    | Killed an ancient lich
 70749 | Zot:3    | Found a transporter.
 70765 | Zot:3    | Found a transporter.
 70907 | Zot:3    | Reached skill level 15 in Fighting
 71305 | Zot:3    | Got a slimy trident
 71306 | Zot:3    | Identified the +10 trident of Zebawa Kitae {venom, Str+4
                  | Int+5 Dex-5} (You found it on level 3 of the Realm of Zot)
 71309 | Zot:3    | Got a transparent crystal amulet
 71310 | Zot:3    | Identified the amulet "Naoruck" {Gourm rF+ rN+} (You found
                  | it on level 3 of the Realm of Zot)
 71811 | Zot:4    | Reached skill level 5 in Spellcasting
 72747 | Slime:1  | Entered Level 1 of the Pits of Slime
 73283 | Slime:3  | Reached skill level 5 in Air Magic
 73694 | Slime:5  | Entered Level 5 of the Pits of Slime
 73714 | Slime:5  | Gained mutation: Your spells are a little easier to cast,
                  | but a little less powerful. [a shining eye]
 73715 | Slime:5  | Lost mutation: You are robust. (+10% HP) [a shining eye]
 73976 | Slime:5  | Noticed the Royal Jelly
 73996 | Slime:5  | Killed the Royal Jelly
 74444 | Slime:5  | Gained mutation: [Your magical capacity is low. (-10% MP)]
                  | [a shining eye]
 74905 | Slime:5  | Got a scorched silver ring
 74906 | Slime:5  | Identified the ring "Cyfaekoa" {EV+1 Str-4 Int+5 Dex+4}
                  | (You found it on level 5 of the Pits of Slime)
 74926 | Slime:5  | Got a slimy rune of Zot
 74957 | Slime:5  | Got an ancient hand axe
 74961 | Slime:5  | Got a translucent morningstar
 74962 | Slime:5  | Identified the +7 hand axe of Tortfeasance {chop, Dex+5}
                  | (You found it on level 5 of the Pits of Slime)
 74963 | Slime:5  | Identified the +6 morningstar "Noyfigh" {crush, MP+9 Str+4}
                  | (You found it on level 5 of the Pits of Slime)
 74994 | Slime:5  | Got a slimy trident
 74995 | Slime:5  | Identified the +9 trident "Cosyob" {distort, rElec} (You
                  | found it on level 5 of the Pits of Slime)
 75452 | Crypt:2  | Lost mutation: Your mind is acute. (Int +2) [potion of
                  | mutation]
 75452 | Crypt:2  | Lost mutation: [Your magical capacity is low. (-10% MP)]
                  | [potion of mutation]
 75452 | Crypt:2  | Lost mutation: Your muscles are strong. (Str +2) [potion of
                  | mutation]
 75452 | Crypt:2  | Lost mutation: You have a pair of small antennae on your
                  | head. [potion of mutation]
 75452 | Crypt:2  | Gained mutation: [Your magical capacity is low. (-10% MP)]
                  | [potion of mutation]
 75452 | Crypt:2  | Gained mutation: [You occasionally shout uncontrollably at
                  | your foes.] [potion of mutation]
 75452 | Crypt:2  | Gained mutation: You expend magic power (3 MP) to
                  | strengthen your wands. [potion of mutation]
 75782 | Orc:2    | Bought a potion of mutation for 192 gold pieces
 75782 | Orc:2    | Lost mutation: [You occasionally shout uncontrollably at
                  | your foes.] [potion of mutation]
 75782 | Orc:2    | Lost mutation: Your spells are a little easier to cast, but
                  | a little less powerful. [potion of mutation]
 75782 | Orc:2    | Gained mutation: You are partially covered in icy blue
                  | scales. (AC +2) [potion of mutation]
 76027 | Hell     | Entered the Vestibule of Hell
 76027 | Hell     | Noticed Geryon
 76278 | Hell     | Killed Geryon
 76513 | Hell     | Found a gateway to the ashen valley of Gehenna.
 76599 | Hell     | Found a gateway to the Iron City of Dis.
 76653 | Hell     | Found a gateway to the freezing wastes of Cocytus.
 76712 | Hell     | Found a gateway to the decaying netherworld of Tartarus.
 76850 | Geh:1    | Entered Level 1 of Gehenna
 77188 | Geh:1    | Reached skill level 1 in Necromancy
 77190 | Geh:1    | Reached skill level 1 in Charms
 78483 | Geh:2    | Learned a level 5 spell: Aura of Abjuration
 78992 | Geh:2    | Reached skill level 5 in Necromancy
 79544 | Geh:1    | Reached skill level 5 in Charms
 79568 | Geh:1    | Reached skill level 10 in Summonings
 79962 | Geh:3    | Reached skill level 10 in Dodging
 81654 | Geh:5    | Found a burning altar of Makhleb.
 81867 | Geh:5    | Reached skill level 5 in Transmutations
 82985 | Geh:6    | Reached skill level 10 in Necromancy
 83399 | Geh:6    | Gained mutation: Your spells are a little easier to cast,
                  | but a little less powerful. [mutagenic glow]
 83439 | Geh:6    | Gained mutation: You are dopey. (Int -2) [mutagenic glow]
 83638 | Geh:7    | Entered Level 7 of Gehenna
 83723 | Geh:7    | Reached skill level 10 in Spellcasting
 83941 | Geh:7    | Learned a level 6 spell: Statue Form
 84261 | Geh:7    | Reached skill level 5 in Earth Magic
 84666 | Geh:7    | Identified the ring of Xom's Best Wishes {*Corrode rElec
                  | rPois Dex+5 Stlth-}
 85027 | Geh:7    | Identified the +7 sceptre of Asmodeus
 85027 | Geh:7    | Noticed Asmodeus
 85058 | Geh:7    | Killed Asmodeus
 85149 | Geh:7    | Got an encrusted cloak
 85150 | Geh:7    | Identified the cursed -3 cloak of the Three of Cups {Regen+
                  | Str+4 Int+2} (You found it on level 7 of Gehenna)
 85197 | Geh:7    | Identified Quvvaq's Beginning Course on Casting
 85209 | Geh:7    | Identified Sif Muna's Grimoire of Evil Rites and
                  | Transmigration
 85211 | Geh:7    | Identified Sif Muna's Papyrus of Lucky Transmigration
 85220 | Geh:7    | Got an obsidian rune of Zot
 85935 | Geh:7    | Reached skill level 10 in Transmutations
 86104 | Geh:7    | Reached skill level 10 in Earth Magic
 86849 | Coc:1    | Entered Level 1 of Cocytus
 89984 | Coc:3    | Reached skill level 15 in Transmutations
 92272 | Depths:2 | Identified the Handbook of the Lonely Dances
 92298 | Depths:2 | Upgraded the game from 0.23-a0-455-ge12115f to
                  | 0.23-a0-458-g93a6ea9
 92736 | Coc:5    | Learned a level 2 spell: Song of Slaying
 93148 | Coc:5    | Lost mutation: You are dopey. (Int -2) [a Zot trap]
 93874 | Coc:6    | Reached skill level 5 in Evocations
 94317 | Coc:6    | Learned a level 8 spell: Necromutation
 94581 | Coc:7    | Entered Level 7 of Cocytus
 95522 | Coc:7    | Reached skill level 15 in Necromancy
 95567 | Coc:7    | Learned a level 4 spell: Animate Dead
 95749 | Coc:7    | HP: 5/281 [blizzard demon/the air (18)]
 96802 | Dis:1    | Entered Level 1 of the Iron City of Dis
 99985 | Dis:4    | Gained mutation: [You tend to lose your temper in combat.]
                  | [a cacodemon]
101250 | Dis:6    | Gained mutation: You are weak. (Str -2) [mutagenic glow]
101281 | Dis:6    | Gained mutation: Your spells are easier to cast, but less
                  | powerful. [mutagenic glow]
102199 | Dis:7    | Entered Level 7 of the Iron City of Dis
102701 | Dis:7    | Gained mutation: [You occasionally shout uncontrollably at
                  | your foes.] [mutagenic glow]
102726 | Dis:7    | Gained mutation: You are very weak. (Str -4) [mutagenic
                  | glow]
102749 | Dis:7    | Gained mutation: Armour fits poorly on your strangely
                  | shaped body. [mutagenic glow]
102766 | Dis:7    | Gained mutation: You are frail. (-10% HP) [mutagenic glow]
102881 | Depths:1 | Voluntarily entered the Abyss.
103040 | Abyss:1  | Found a corrupted altar of Lugonu.
103079 | Abyss:1  | Gained mutation: [You are clumsy. (Dex -2)] [a neqoxec]
103080 | Abyss:1  | Gained mutation: Your body sometimes deteriorates upon
                  | taking damage. [a neqoxec]
104803 | Abyss:1  | Paralysed by accursed screaming for 1 turns
105030 | Abyss:1  | Paralysed by accursed screaming for 1 turns
105110 | Abyss:1  | Paralysed by accursed screaming for 1 turns
105310 | Abyss:1  | Gained mutation: Your body often deteriorates upon taking
                  | damage. [a neqoxec]
105661 | Abyss:1  | Reached skill level 15 in Spellcasting
106130 | Abyss:1  | Found a corrupted altar of Lugonu.
106461 | Abyss:1  | Got a flickering marble ring
106467 | Abyss:1  | Identified the ring of Biet {Wiz rF+ rC+ rN+} (You found it
                  | on level 1 of the Abyss)
106884 | Abyss:1  | Paralysed by accursed screaming for 1 turns
106969 | Abyss:1  | Paralysed by accursed screaming for 1 turns
107010 | Abyss:1  | Learned a level 4 spell: Passage of Golubria
107202 | Abyss:1  | Paralysed by accursed screaming for 1 turns
107240 | Abyss:1  | Found an ornate altar of the Wu Jian Council.
107267 | Abyss:1  | Found an ornate altar of the Wu Jian Council.
107317 | Abyss:1  | Gained mutation: You are very frail. (-20% HP) [a neqoxec]
107569 | Abyss:1  | Found a burning altar of Makhleb.
107626 | Abyss:1  | Paralysed by accursed screaming for 1 turns
107752 | Abyss:1  | Paralysed by you for 3 turns
108385 | Abyss:2  | Found a blossoming altar of Fedhas.
108619 | Abyss:2  | Found a corrupted altar of Lugonu.
108878 | Abyss:2  | Paralysed by accursed screaming for 1 turns
109518 | Abyss:2  | Paralysed by accursed screaming for 1 turns
109523 | Abyss:2  | Paralysed by accursed screaming for 1 turns
109775 | Abyss:2  | Found an ancient bone altar of Kikubaaqudgha.
109786 | Abyss:2  | Found a shattered altar of Ashenzari.
109893 | Abyss:2  | Gained mutation: You are extremely frail. (-30% HP) [a
                  | neqoxec]
109894 | Abyss:2  | Gained mutation: You are dopey. (Int -2) [a neqoxec]
109904 | Abyss:2  | Found a deep blue altar of Sif Muna.
109913 | Abyss:2  | Gained mutation: [You often lose your temper in combat.] [a
                  | neqoxec]
110096 | Abyss:2  | Paralysed by accursed screaming for 1 turns
110550 | Abyss:4  | Gained mutation: Your spells are much easier to cast, but
                  | much less powerful. [a neqoxec]
111183 | Abyss:4  | Paralysed by accursed screaming for 1 turns
111283 | Abyss:4  | Paralysed by accursed screaming for 1 turns
111445 | Abyss:4  | Paralysed by accursed screaming for 1 turns
111618 | Abyss:4  | Found a corrupted altar of Lugonu.
111637 | Abyss:4  | Gained mutation: Scrolls take you a little longer to read.
                  | [a neqoxec]
111640 | Abyss:4  | Gained mutation: Scrolls take you longer to read. [a
                  | neqoxec]
111651 | Abyss:4  | Found a corrupted altar of Lugonu.
112253 | Abyss:4  | Paralysed by accursed screaming for 1 turns
112367 | Abyss:4  | Gained mutation: Scrolls take you much longer to read. [a
                  | neqoxec]
112549 | Abyss:4  | Found a corrupted altar of Lugonu.
112589 | Abyss:4  | Reached skill level 15 in Throwing
112615 | Abyss:4  | Paralysed by accursed screaming for 2 turns
112632 | Abyss:4  | Paralysed by accursed screaming for 1 turns
112939 | Abyss:5  | Entered Level 5 of the Abyss
112942 | Abyss:5  | Found a corrupted altar of Lugonu.
113032 | Abyss:5  | Got an abyssal rune of Zot
113074 | Abyss:5  | Gained mutation: You are very dopey. (Int -4) [a neqoxec]
113268 | Abyss:5  | Noticed an ancient lich
113272 | Abyss:5  | Killed an ancient lich
113455 | Abyss:5  | Paralysed by accursed screaming for 1 turns
113650 | Abyss:5  | HP: 3/203 [something (21)]
113650 | Abyss:5  | Killed from afar by a starcursed mass (illusionary)

Vault maps used:
D:1:      dpeg_arrival_tiny_h, kennysheep_decorative_pillar, nrook_uturn,
          st_stairs_14, roderic_lattice_a
D:2:      minitemple, chequers_serial_rivers_small_a, lemuel_statue_altar
D:3:      xom_butterflies
D:4:      nicolae_overflow_hidden_temple, first_ration,
          hangedman_decor_opposing, st_stairs_6, minmay_pentomino_pile,
          uniq_duvessa
D:5:      minmay_temple_entry_crystal_x, minmay_a_box_with_orc_wizards_in_it
D:6:      overflow_temple_1_default, water_maze_lemuel, uniq_prince_ribbit1
D:7:      sword_in_stone
D:9:      hangedman_ranch
D:10:     cheibrodos_wizards_tower, dpeg_lair_monsters, orc_0_dummy,
          kennysheep_windowed_goal, uniq_erica
D:11:     portal_ice_cave_entry_ice_beasts
D:12:     uniq_nergalle
D:13:     minmay_tile_spiral, erik_vaults_1, serial_shops, nicolae_shop_trees
D:14:     minmay_the_grid_triangle_9x9_recursive_3, chequers_mini_garden
D:15:     grunt_enter_depths_magical_seal, lab_entry_generic,
          chequers_serial_rivers_small_a
Temple:   dpeg_chambers_temple
Lair:1:   chequers_serial_rivers_micro_a
Lair:2:   palyth_hydra_swamp_entry, lemuel_fruit_tree
Lair:3:   nicolae_spider_entry_tight_spaces
Lair:4:   regret_index_harrowing_hell_hive
Lair:5:   slime_altar_1, infiniplex_staircase_pool, grunt_megastairs_3
Lair:6:   gammafunk_lair_ancient_temple
Swamp:1:  nicolae_swamp_trees_clearing, swamp_pool5
Swamp:2:  evilmike_swamp_ruin_house_6, nicolae_swamp_hydra_murder_den,
          uniq_nikola
Swamp:3:  nicolae_swamp_dense_foliage
Swamp:4:  swamp_alternative, swamp_pool5
Spider:4: spider_rune_water, gammafunk_ghost_arena
Slime:4:  cheibrodos_slime_lost_civilization_8
Orc:1:    basic_altar, nicolae_orc_pool_cavern
Orc:2:    st_orc_town, serial_shops, shop, mines2_lemuel, uniq_urug, uniq_nessos
Elf:1:    minmay_elf_arrival_circle, serial_shops, shop, minmay_elf_sorcery,
          uniq_agnes
Elf:2:    minivault_13
Elf:3:    minmay_elf_hall_dome, nicolae_trove_entry_free_sample
Vaults:1: v_alt_pattern_5, ontoclasm_vaults_idyll, v_misc_9,
          nicolae_vaults_angled_halls, v_misc_19, ontoclasm_vaults_gateway,
          vaults_room_fours, vaults_mumra_chevron_long, v_misc_10, st_diamondy,
          vaults_room_hallway
Vaults:2: v_alt_pattern_6, vaults_room_grid, nicolae_vaults_border_crossing,
          v_misc_14, v_misc_19, v_misc_3, nicolae_vaults_mini_display_case,
          nicolae_vaults_rhombus_5, vaults_mumra_chevron,
          nicolae_vaults_little_squares_5, vaults_dpeg_hooks, uniq_margery
Vaults:3: gammafunk_vaults_ghost_cemetery, minmay_crypt_entry_skeletal_spiral,
          hangedman_vaults_stitches, v_misc_16,
          dpeg_vaults_pockets_of_resistance, v_pattern_3, v_alt_pattern_3,
          vaults_dpeg_spiral, nicolae_vaults_little_squares_4,
          hangedman_vaults_trim, vaults_room_corners, v_misc_33,
          vaults_room_fours, vaults_room_pools, uniq_asterion
Vaults:4: v_misc_10, hangedman_vaults_restitches, nicolae_vaults_alarming,
          hangedman_vaults_maws, v_pattern_2, hangedman_vaults_nails,
          ontoclasm_vaults_ring_large, nicolae_vaults_specimen_jars,
          nicolae_vaults_little_squares_1, nicolae_vaults_know_your_exits,
          ontoclasm_vaults_bender, grunt_vaults_hallway_short, serial_shops,
          shop
Vaults:5: uniq_jory
Crypt:1:  mu_enter_wizlab_5, basic_altar, grunt_megastairs_4
Crypt:3:  grunt_crypt_end_deaths_head, uniq_saint_roka, uniq_sojobo
Depths:1: enter_ziggurat_b, hangedman_abyss_or_decor_jellyfish_corner,
          minmay_room_of_horrors, gammafunk_ghost_mausoleum, pf_coc_iceberg,
          kennysheep_generic_room_7
Depths:2: minmay_gate_of_8, serial_bayou_ford_a, hell_entry
Depths:3: hangedman_spin_cycle, pan_entry, hell_entry
Depths:4: minmay_nested_s, abyss_entry, corexii_leaking_fountain, hell_entry,
          grunt_ministairs_15, minmay_microvault
Depths:5: evilmike_zot_entry_round, minmay_tree_intersection,
          rand_demon_pan_entry_4, hell_entry
Dis:1:    hangedman_dis_decor_blocks_talon
Dis:2:    grunt_deathspiral_small
Dis:3:    lemuel_elevator
Dis:7:    iron_city_of_dis
Geh:1:    nicolae_geh_single_fiery_grave
Geh:4:    grunt_megastairs_1
Geh:5:    lemuel_hellish_altar
Geh:7:    geh_mu
Coc:7:    coc_grunt
Zot:1:    grunt_zot_stairs_overgrown
Zot:2:    grunt_zot_stairs_faceoff, hangedman_player_shredder
Zot:3:    gammafunk_sealed_arena
Abyss:2:  guppyfry_abyss_exit_glass_guarded
Abyss:3:  minivault_23, nicolae_abyss_rune_star_stuff
Abyss:4:  grunt_abyss_rune_forest_and_sorcery, evilmike_abyss_exit_14
Abyss:5:  grunt_abyss_rune_wretched_hive, hangedman_abyss_mock_shop
Lab:      nicolae_lab_flowing_pool
IceCv:    ice_cave_small_giant
WizLab:   wizlab_iskenderun

Skill      XL: |  1  2  3  4  5  6  7  8  9 10 11 12 13 14 15 16 17 18 19 20 21 22 23 24 25 26 27 |
---------------+----------------------------------------------------------------------------------+-----
Dodging        | 3 4 5 6 13 | 13.0
Unarmed Combat | 3 4 5 6 8 10 11 12 14 15 16 17 19 21 23 24 | 24.0
Shields        | 3 4 5 6 7 8 9 12 14 15 | 15.0
Invocations    | 1 2 3 4 5 6 7 8 9 10 12 | 12.0
Fighting       | 3 4 5 6 7 9 10 11 12 13 14 20 | 20.2
Throwing       | 1 3 4 6 7 9 14 15 | 15.5
Translocations | 2 3 4 |  4.0
Spellcasting   | 1 2 3 4 19 | 19.0
Earth Magic    | 2 3 11 | 11.0
Transmutations | 1 2 17 | 17.2
Armour         | 4 7 10 12 15 16 17 18 20 21 23 | 23.0
Poison Magic   | 2 3 |  3.3
Air Magic      | 1 3 4 5 |  5.0
Summonings     | 4 6 10 | 10.5
Evocations     | 3 5 |  5.0
Necromancy     | 23 | 23.0
Charms         | 5 |  5.0
Long Blades    | |  0.7
Axes           | |  0.2
Stealth        | |  0.1

Action                   |  1- 3 |  4- 6 |  7- 9 | 10-12 | 13-15 | 16-18 | 19-21 | 22-24 | 25-27 || total
-------------------------+-------+-------+-------+-------+-------+-------+-------+-------+-------++-------
Melee: Unarmed           |   111 |   170 |   264 |   544 |   826 |  1021 |  1089 |  1584 | 10828 || 16437
       Hand axe          |       |       |       |     3 |    12 |       |       |    67 |       ||    82
       Bite              |       |       |       |    15 |   157 |   195 |   215 |   290 |  1881 ||  2753
       Headbutt          |       |       |       |     8 |       |       |       |       |       ||     8
       Scimitar          |       |       |       |       |    11 |       |       |       |       ||    11
       Staff             |       |       |       |       |       |       |       |       |    44 ||    44
 Fire: Blowgun           |       |       |       |       |     5 |       |       |       |       ||     5
Throw: Tomahawk          |       |     1 |    40 |    50 |   164 |   121 |       |       |     5 ||   381
       Javelin           |       |       |       |    25 |    97 |   103 |    36 |    39 |   433 ||   733
       Large rock        |       |       |       |       |    46 |    16 |     5 |     2 |   302 ||   371
       Stone             |       |       |       |       |    21 |       |       |       |       ||    21
       Throwing net      |       |       |       |       |       |       |       |       |     3 ||     3
 Cast: Blink             |       |       |       |       |     2 |       |       |       |       ||     2
       Summon Lightning  |       |       |       |       |     1 |     2 |       |       |    35 ||    38
       Apportation       |       |       |       |       |       |     5 |       |       |    54 ||    59
       Regeneration      |       |       |       |       |       |       |       |       |   338 ||   338
       Song of Slaying   |       |       |       |       |       |       |       |       |    90 ||    90
       Animate Dead      |       |       |       |       |       |       |       |       |    60 ||    60
       Borgnjor's Vile C |       |       |       |       |       |       |       |       |    40 ||    40
       Irradiate         |       |       |       |       |       |       |       |       |     4 ||     4
       Passage of Golubr |       |       |       |       |       |       |       |       |     3 ||     3
       Necromutation     |       |       |       |       |       |       |       |       |     2 ||     2
       Statue Form       |       |       |       |       |       |       |       |       |     1 ||     1
       Passwall          |       |       |       |       |       |       |       |       |     1 ||     1
       Aura of Abjuratio |       |       |       |       |       |       |       |       |     1 ||     1
Invok: Bend Time         |       |       |     2 |       |       |     1 |       |       |     5 ||     8
       Slouch            |       |       |       |       |     6 |     9 |    14 |     8 |    48 ||    85
       Step From Time    |       |       |       |       |       |     1 |       |       |       ||     1
 Abil: Evoke Invisibilit |       |       |       |       |       |       |       |     1 |     4 ||     5
Evoke: Wand              |       |       |       |     6 |     5 |       |     1 |       |       ||    12
       Lamp of fire      |       |       |       |       |     1 |       |       |     1 |     1 ||     3
  Use: Scroll            |       |     4 |     9 |     9 |    16 |    11 |     5 |    10 |    26 ||    90
       Potion            |       |     1 |     1 |     5 |     4 |     4 |     1 |     2 |    24 ||    42
 Stab: Sleeping          |     1 |     2 |     1 |     1 |     4 |       |       |       |       ||     9
       Paralysed         |       |       |       |     6 |       |       |       |       |       ||     6
       Distracted        |       |       |       |     1 |     1 |     1 |     2 |       |    19 ||    24
       Invisible         |       |       |       |       |       |       |       |       |    17 ||    17
       Held in net/web   |       |       |       |       |       |       |       |       |     1 ||     1
  Eat: Chunk             |    21 |    14 |    25 |    37 |    92 |    75 |    57 |    77 |   247 ||   645
       Ration            |       |       |       |       |     2 |     1 |       |       |    45 ||    48
Armor: Robe              |    47 |    47 |    61 |    76 |    27 |       |       |       |       ||   258
       Skin              |       |     3 |     9 |       |       |       |       |       |     5 ||    17
       Troll leather arm |       |       |       |       |   124 |    44 |       |       |       ||   168
       Acid dragon scale |       |       |       |       |     9 |       |       |       |       ||     9
       Fire dragon scale |       |       |       |       |       |   120 |       |       |       ||   120
       Gold dragon scale |       |       |       |       |       |    26 |   269 |   417 |  2096 ||  2808
Dodge: Dodged            |    34 |    39 |    85 |   151 |   403 |   183 |   126 |   286 |  2309 ||  3616
Block: Shield            |    44 |    57 |   132 |   309 |   607 |       |       |       |       ||  1149
       Large shield      |       |       |       |       |   101 |  1459 |  1223 |  2137 | 12271 || 17191

Table legend:
 A = Non-vault XP
 B = Vault XP
 C = Vault XP percentage of total XP
 D = Non-vault monster count
 E = Vault monster count
 F = Vault count percentage of total count
                 A         B        C        D         E       F
            +---------+---------+-------+---------+---------+-------
      Total | 3192517 | 1170122 |  26.8 |    5494 |    1363 |  19.9
            +---------+---------+-------+---------+---------+-------
        D:1 |      46 |       1 |   2.1 |      28 |       1 |   3.4
        D:2 |      74 |       0 |   0.0 |      13 |       0 |   0.0
        D:3 |     249 |       0 |   0.0 |      43 |       0 |   0.0
        D:4 |     297 |       3 |   1.0 |       8 |       2 |  20.0
        D:5 |     762 |     123 |  13.9 |      19 |       3 |  13.6
        D:6 |     640 |     255 |  28.5 |      14 |       1 |   6.7
        D:7 |     858 |     567 |  39.8 |      23 |       5 |  17.9
        D:8 |    1752 |       0 |   0.0 |      31 |       0 |   0.0
        D:9 |    2127 |    4055 |  65.6 |      32 |      13 |  28.9
       D:10 |    1918 |    4574 |  70.5 |      49 |      11 |  18.3
       D:11 |    4529 |    1055 |  18.9 |      41 |       8 |  16.3
       D:12 |    5590 |     785 |  12.3 |      25 |       1 |   3.8
       D:13 |    8708 |   11629 |  57.2 |      26 |      14 |  35.0
       D:14 |   12877 |    9464 |  42.4 |      41 |      23 |  35.9
       D:15 |    9460 |    7794 |  45.2 |      31 |      11 |  26.2
     Temple |      66 |       0 |   0.0 |       1 |       0 |   0.0
     Lair:1 |    2451 |       0 |   0.0 |       8 |       0 |   0.0
     Lair:2 |    1498 |    2640 |  63.8 |       7 |       5 |  41.7
     Lair:3 |    7154 |    1528 |  17.6 |      17 |       7 |  29.2
     Lair:4 |    5645 |   10098 |  64.1 |      22 |      56 |  71.8
     Lair:5 |   11814 |    1030 |   8.0 |      23 |       6 |  20.7
     Lair:6 |    2385 |    9111 |  79.3 |       6 |      23 |  79.3
    Swamp:1 |    9717 |       0 |   0.0 |      24 |       0 |   0.0
    Swamp:2 |   14519 |    4797 |  24.8 |      43 |       2 |   4.4
    Swamp:3 |   10970 |       0 |   0.0 |      23 |       0 |   0.0
    Swamp:4 |   23622 |   17818 |  43.0 |      44 |      30 |  40.5
   Spider:1 |   12342 |       0 |   0.0 |      41 |       0 |   0.0
   Spider:2 |   13186 |       0 |   0.0 |      40 |       0 |   0.0
   Spider:3 |   21933 |       0 |   0.0 |      57 |       0 |   0.0
   Spider:4 |   13897 |   30589 |  68.8 |      37 |      53 |  58.9
    Slime:1 |    6870 |       0 |   0.0 |      10 |       0 |   0.0
    Slime:2 |    8460 |       0 |   0.0 |       9 |       0 |   0.0
    Slime:3 |   10959 |       0 |   0.0 |      17 |       0 |   0.0
    Slime:4 |    3894 |     131 |   3.3 |       7 |       1 |  12.5
    Slime:5 |   11303 |   30662 |  73.1 |      24 |      14 |  36.8
      Orc:1 |    3230 |    1769 |  35.4 |      16 |       6 |  27.3
      Orc:2 |    1620 |    6998 |  81.2 |      11 |      55 |  83.3
      Elf:1 |   24334 |   11722 |  32.5 |      48 |      16 |  25.0
      Elf:2 |   22414 |   27332 |  54.9 |      33 |      36 |  52.2
      Elf:3 |    9694 |   35787 |  78.7 |      15 |      23 |  60.5
   Vaults:1 |   39161 |   24369 |  38.4 |      54 |      37 |  40.7
   Vaults:2 |   22545 |   12596 |  35.8 |      55 |      17 |  23.6
   Vaults:3 |   32776 |   57518 |  63.7 |      57 |      76 |  57.1
   Vaults:4 |   39275 |   44556 |  53.1 |      59 |      44 |  42.7
   Vaults:5 |   16934 |  129422 |  88.4 |      37 |      91 |  71.1
    Crypt:1 |   23804 |    3224 |  11.9 |      36 |       3 |   7.7
    Crypt:2 |   22422 |       0 |   0.0 |      30 |       0 |   0.0
    Crypt:3 |       0 |   88574 | 100.0 |       0 |     141 | 100.0
   Depths:1 |   42467 |   29644 |  41.1 |      51 |      28 |  35.4
   Depths:2 |   25468 |   19992 |  44.0 |      29 |      11 |  27.5
   Depths:3 |   20580 |  109549 |  84.2 |      23 |      86 |  78.9
   Depths:4 |   40687 |   74644 |  64.7 |      44 |      57 |  56.4
   Depths:5 |   56688 |   18900 |  25.0 |      63 |      13 |  17.1
       Hell |   22617 |   23233 |  50.7 |      26 |      41 |  61.2
      Dis:1 |   42105 |       0 |   0.0 |      58 |       0 |   0.0
      Dis:2 |   73717 |   18055 |  19.7 |     149 |      27 |  15.3
      Dis:3 |   59910 |       0 |   0.0 |     116 |       0 |   0.0
      Dis:4 |   33824 |       0 |   0.0 |      68 |       0 |   0.0
      Dis:5 |   63072 |       0 |   0.0 |      82 |       0 |   0.0
      Dis:6 |   73531 |       0 |   0.0 |     116 |       0 |   0.0
      Dis:7 |   34617 |   23650 |  40.6 |      50 |      10 |  16.7
      Geh:1 |   90600 |       0 |   0.0 |     155 |       0 |   0.0
      Geh:2 |   80829 |       0 |   0.0 |     138 |       0 |   0.0
      Geh:3 |   62003 |       0 |   0.0 |     103 |       0 |   0.0
      Geh:4 |   48779 |    3227 |   6.2 |     114 |       2 |   1.7
      Geh:5 |   78426 |    2832 |   3.5 |     155 |      10 |   6.1
      Geh:6 |   44041 |       0 |   0.0 |      56 |       0 |   0.0
      Geh:7 |  118941 |   60829 |  33.8 |     187 |      41 |  18.0
      Coc:1 |  110192 |       0 |   0.0 |     163 |       0 |   0.0
      Coc:2 |   90403 |       0 |   0.0 |      74 |       0 |   0.0
      Coc:3 |   79281 |       0 |   0.0 |     121 |       0 |   0.0
      Coc:4 |   73930 |       0 |   0.0 |     103 |       0 |   0.0
      Coc:5 |  101553 |       0 |   0.0 |     108 |       0 |   0.0
      Coc:6 |   74974 |       0 |   0.0 |      99 |       0 |   0.0
      Coc:7 |  115622 |   47889 |  29.3 |     118 |      49 |  29.3
      Zot:1 |   61805 |     595 |   1.0 |      54 |       1 |   1.8
      Zot:2 |   24551 |   64354 |  72.4 |      13 |      32 |  71.1
      Zot:3 |   78058 |   14140 |  15.3 |      46 |       9 |  16.4
      Zot:4 |   22398 |       0 |   0.0 |      11 |       0 |   0.0
    Abyss:1 |  298952 |    3991 |   1.3 |     588 |       1 |   0.2
    Abyss:2 |  116236 |       0 |   0.0 |     246 |       0 |   0.0
    Abyss:3 |    1851 |     399 |  17.7 |      10 |       2 |  16.7
    Abyss:4 |  228908 |   10001 |   4.2 |     473 |      10 |   2.1
    Abyss:5 |   98928 |    9233 |   8.5 |     148 |      23 |  13.5
        Lab |    1192 |       0 |   0.0 |       1 |       0 |   0.0
      IceCv |       0 |    9664 | 100.0 |       0 |      36 | 100.0
     WizLab |       0 |   32725 | 100.0 |       0 |      39 | 100.0
            +---------+---------+-------+---------+---------+-------
